 Dungeon Crawl Stone Soup version 0.29-a0-187-ga23d9638d5 (webtiles) character file.

Game seed: 11152578113530657204

88159 Hasart the Severer (level 15, -38/137 HPs)
             Began as a Hill Orc Fighter on Feb 22, 2022.
             Was an Initiate of Gozag.
             Killed from afar by a fire dragon (56 damage)
             ... with a blast of flame
             ... on level 14 of the Dungeon.
             The game lasted 00:45:12 (30236 turns).

Hasart the Severer (Hill Orc Fighter)              Turns: 30236, Time: 00:45:13

Health: -38/137    AC: 33    Str: 27    XL:     15   Next: 93%
Magic:  15/15      EV:  8    Int: 11    God:    Gozag
Gold:   192        SH: 18    Dex: 14    Spells: 14/14 levels left

rFire   . . .      SeeInvis .   a - +2 war axe (spect)
rCold   . . .      Faith    .   W - +1 tower shield {reflect}
rNeg    . . .      Spirit   .   g - +7 plate armour of Sodaoch {Dex+4}
rPois   .          Reflect  +   L - +0 helmet {Int+3}
rElec   .          Harm     .   H - +2 cloak
rCorr   .          Rampage  .   Z - +0 pair of gloves
Will    ++...                   V - +2 pair of boots {Fly}
Stlth   ..........              l - amulet of the acrobat
HPRegen 0.32/turn               k - ring of willpower
MPRegen 0.14/turn               b - +4 ring of slaying

@: flying, studying Ice Magic
A: no striking features
a: Renounce Religion, Potion Petition, Call Merchant, Bribe Branch


You were on level 14 of the Dungeon.
You worshipped Gozag.
Gozag was aware of your devotion.
You visited 4 branches of the dungeon, and saw 23 of its levels.
You also visited: Ossuary and Ice Cave.

You collected 7538 gold pieces.
You spent 2066 gold pieces at shops.
You paid 5280 gold pieces to Gozag.

Inventory:

Hand Weapons
 a - a +2 spectral war axe (weapon)
 y - a +1 scimitar of flaming
Missiles
 e - 3 throwing nets
 T - 10 curare-tipped darts
 U - 8 boomerangs (quivered)
Armour
 g - the +7 plate armour of Sodaoch (worn) {Dex+4}
   (You bought it in a shop on level 2 of the Orcish Mines)

   Dex:       It affects your dexterity (+4).
 E - the +7 chain mail of Omant {rF+++ Str-4 Int+3 Stlth+}
   (You bought it in a shop on level 5 of the Lair of Beasts)

   Str:       It affects your strength (-4).
   Int:       It affects your intelligence (+3).
   rF:        It renders you almost immune to fire.
   Stlth:     It makes you more stealthy.
 H - a +2 cloak (worn)
 L - a +0 helmet of intelligence (worn)
 V - a +2 pair of boots of flying (worn)
 W - a +1 tower shield of reflection (worn)
 Z - a +0 pair of gloves (worn)
Jewellery
 b - a +4 ring of slaying (right hand)
 k - a ring of willpower (left hand)
 l - an amulet of the acrobat (around neck)
 v - a ring of fire
 x - an amulet of guardian spirit
 M - a ring of ice
 N - a ring of poison resistance
 P - a ring of see invisible
 Q - a +4 ring of evasion
 R - the ring of Veossicw {Contam rCorr Str+3 Int+8 Stlth+}
   (You found it in an ice cave)

   [ring of resist corrosion]

   Str:       It affects your strength (+3).
   Int:       It affects your intelligence (+8).
   Contam:    It causes magical contamination when unequipped.
   rCorr:     It protects you from acid and corrosion.
   Stlth:     It makes you more stealthy.
Wands
 n - a wand of charming (6)
 C - a wand of acid (2)
 F - a wand of digging (17)
 I - a wand of iceblast (15)
 J - a wand of mindburst (10)
 O - a wand of flame (8)
Scrolls
 c - 3 scrolls of fear
 f - 5 scrolls of identify
 o - 2 scrolls of vulnerability
 z - a scroll of enchant armour
 A - a scroll of enchant weapon
 D - 7 scrolls of teleportation
 G - 4 scrolls of brand weapon
 S - a scroll of blinking
 X - a scroll of holy word
 Y - a scroll of fog
Potions
 d - 5 potions of might
 h - 4 potions of lignification
 i - 8 potions of curing
 j - 3 potions of resistance {unknown}
 m - 5 potions of brilliance
 p - 4 potions of heal wounds
 q - 2 potions of cancellation {unknown}
 r - 8 potions of mutation
 s - 2 potions of berserk rage {unknown}
 t - 5 potions of magic
 u - 4 potions of haste {unknown}
 w - 5 potions of attraction
 B - 2 potions of flight
 K - 3 potions of invisibility {unknown}


   Skills:
 + Level 13.7 Fighting
 + Level 17.9 Axes
 + Level 8.1 Throwing
 + Level 12.6 Armour
 + Level 5.8 Dodging
 + Level 12.6 Shields
 + Level 11.0 Evocations


You had 14 spell levels left.
You didn't know any spells.
Your spell library contained the following spells:

 Spells                   Type           Power      Damage    Failure   Level
 Animate Skeleton         Necr           0%         N/A       100%        1
 Apportation              Tloc           0%         N/A       100%        1
 Pain                     Necr           0%         1d4       100%        1
 Sandblast                Erth           0%         2d4       100%        1
 Summon Small Mammal      Summ           0%         N/A       100%        1
 Passwall                 Tmut/Erth      0%         N/A       100%        2
 Scorch                   Fire           0%         2d5       100%        2
 Sublimation of Blood     Necr           0%         N/A       100%        2
 Call Canine Familiar     Summ           0%         N/A       100%        3
 Portal Projectile        Hex/Tloc       0%         N/A       100%        3
 Stone Arrow              Conj/Erth      0%         3d7       100%        3
 Flame Wave               Conj/Fire      0%         2d4       100%        4
 Leda's Liquefaction      Hex/Erth       0%         N/A       100%        4
 Petrify                  Tmut/Erth      0%         N/A       100%        4
 Agony                    Necr           0%         N/A       100%        5
 Excruciating Wounds      Necr           0%         N/A       100%        5
 Irradiate                Conj/Tmut      0%         3d14      100%        5
 Summon Cactus Giant      Summ           0%         N/A       100%        6


Dungeon Overview and Level Annotations

Branches:
Dungeon (15/15)            Temple (1/1) D:5            Lair (6/6) D:8
  Swamp (0/4) Lair:4       Spider (0/4) Lair:3        Slime (0/5) Lair:6
    Orc (2/2) D:9             Elf (0/3) Orc:2        Vaults (0/5) D:13
Ossuary (visited)           IceCv (visited)
 Depths: D:15

Altars:
Ashenzari
Cheibriados
Dithmenos
Elyvilon
Fedhas
Gozag
Hepliaklqana
Nemelex Xobeh
Okawaru
Qazlal
Ru
Sif Muna
Trog
Uskayaw
Vehumet
Wu Jian
Xom
Yredelemnul
Zin
Beogh

Shops:
D:8 =   D:12 [*   D:13 [   Orc:2 [:=[*(!   Lair:5 [

Annotations:
D:11 2 transporters, bmj180's ghost, journeyman MfIE


Message History

Unknown command.
You are too injured to fight recklessly!
You are too injured to fight recklessly!
Unknown command.
Unknown command.
The centaur warrior shoots an arrow.
You reflect the arrow off your +1 tower shield of reflection!
The arrow hits the centaur warrior!!
The centaur warrior shoots an arrow.
You reflect the arrow off your +1 tower shield of reflection!
The arrow hits the centaur warrior.
The wizard gestures at you while chanting.
The fireball explodes!
The fireball engulfs you!
* * * LOW HITPOINT WARNING * * *
The fireball engulfs the fire dragon.
The fire dragon resists.
Unknown command.
The centaur warrior shoots an arrow.
The arrow closely misses you.
The centaur warrior shoots an arrow.
The arrow hits you.
* * * LOW HITPOINT WARNING * * *
There is a stone staircase leading up here.
Unknown command.
The centaur warrior shoots an arrow.
The arrow hits you but does no damage.
The fire dragon bites you but does no damage.
You block the fire dragon's attack. x2
You fly upwards.
There is a stone staircase leading down here.
Okay, then.
You slice the fire dragon!!
The fire dragon is heavily wounded.
Your +2 spectral war axe misses the fire dragon.
The fire dragon bites you!
* * * LOW HITPOINT WARNING * * *
You block the fire dragon's attack.
The fire dragon tramples you but does no damage.
You slice the fire dragon!!
The fire dragon is severely wounded.
Your +2 spectral war axe hits the fire dragon!!
The fire dragon breathes flames at you. The blast of flame hits you!!!
You die...
Your body crumbles into a pile of gold.

.........#
#...######..........##
.........# ##.##.#.##..........#
.........####..#.#.#############
...............#.#.#
.................#.#
....PPP...PPP......#
...PP♣P...P..P...#.#
...PP.P...PPPP...#.#
#..PPPP...PPPP..@###
#.......^.....(D.#
#.......8........#
#................#
#..PPPP...PPPP...#
#..P♣.P...P..P...#
...PP.P...P♣♣P...#
....PPP...PPP....#######
.......................#


You could see a fire dragon (catching breath) and a friendly +2 spectral war axe
(summoned).

Vanquished Creatures
  Rupert (D:12)
  Kirke (Lair:4)
  An orc warlord (Orc:1)
  Snorg (Lair:4)
  A yaktaur captain (D:13)
  Harold (Lair:2)
  A boulder beetle (D:13)
  An ice dragon (IceCv)
  A centaur warrior (D:11)
  4 hydras
  A merfolk avatar (Lair:6)
  Erica (D:8)
  A death knight (D:11)
  A two-headed ogre (D:14)
  Amaemon (Lair:4)
  7 death yaks
  An orc high priest (Orc:2)
  8 skeletal warriors
  3 sea snakes (Lair:6)
  4 orc knights
  3 harpies (Lair:6)
  3 orc sorcerers (Orc:2)
  A cyclops (D:13)
  6 oklob plants
  2 manticores
  4 ugly things (D:13)
  25 elephants
  Maurice (D:12)
  Joseph (D:10)
  3 black mambas
  2 ice statues (IceCv)
  An orange demon (Lair:4)
  A torpor snail (Lair:6)
  A gargoyle (D:14)
  An efreet (D:14)
  15 cane toads
  7 komodo dragons
  Psyche (D:10)
  2 yaktaurs (D:13)
  12 rime drakes
  Maggie (D:7)
  A meliai (Lair:3)
  2 polar bears (Lair:6)
  5 trolls
  A hornet (shapeshifter) (D:13)
  3 hornets (Lair:6)
  8 blink frogs
  2 slime creatures (D:13)
  A vampire (D:14)
  A wraith (D:11)
  7 wyverns
  85 yaks
  2 basilisks
  3 steam dragons
  3 hogs (Lair:4)
  8 humans (D:10)
  Grum (D:8)
  3 wargs
  5 vampire mosquitoes
  Edmund (D:10)
  18 water moccasins
  5 black bears
  27 orc warriors
  An ice beast (D:7)
  2 necrophages
  4 wolves
  3 ogres
  4 centaurs
  A phantom (D:7)
  5 kobold brigands
  10 bullfrogs
  4 scorpions
  A wyvern zombie (D:6)
  3 water moccasin zombies (D:6)
  2 water moccasin skeletons
  4 lindwurm simulacra (IceCv)
  5 wights (D:8)
  5 killer bees
  A howler monkey (D:7)
  7 electric eels
  5 bullfrog zombies
  3 komodo dragon simulacra (IceCv)
  7 hounds
  2 lava snakes (Lair:3)
  16 centaur zombies
  A jelly (D:5)
  15 orc priests
  2 bullfrog skeletons
  3 centaur skeletons
  A gnoll shaman (D:7)
  2 human zombies (Ossuary)
  2 iguanas
  18 orc wizards
  A killer bee zombie (D:6)
  2 howler monkey zombies
  5 mummies
  8 acid dragon simulacra (IceCv)
  5 gnolls
  3 adders
  A howler monkey skeleton (D:6)
  A shadow imp (D:6)
  A white imp (D:6)
  6 steam dragon simulacra (IceCv)
  66 orcs
  6 ball pythons
  3 endoplasms
  2 giant cockroaches (D:4)
  A gnoll zombie (Ossuary)
  A goblin (D:1)
  3 hobgoblins
  10 jackals
  4 bats
  A frilled lizard (D:1)
  2 hobgoblin zombies (Ossuary)
  20 kobolds
  A kobold zombie (Ossuary)
  An orc zombie (Ossuary)
  2 quokka skeletons (D:4)
  A rat (D:1)
622 creatures vanquished.

Vanquished Creatures (others)
  An orc (D:9)
  A jackal (D:10)
  81 fungi
  119 plants
  6 withered plants (D:6)
208 creatures vanquished.

Grand Total: 830 creatures vanquished

Notes
Turn   | Place    | Note
-------+----------+-------------------------------------------
     0 | D:1      | Hasart the Hill Orc Fighter began the quest for the Orb.
     0 | D:1      | Reached XP level 1. HP: 19/19 MP: 1/1
   125 | D:1      | Reached skill level 3 in Axes
   125 | D:1      | Reached XP level 2. HP: 17/27 MP: 2/2
   264 | D:1      | Found a faded altar of an unknown god.
   498 | D:1      | Reached XP level 3. HP: 21/33 MP: 3/3
  1189 | D:2      | You fall into a shaft and drop 2 floors!
  1204 | D:4      | Reached skill level 4 in Axes
  1204 | D:4      | Reached skill level 1 in Evocations
  1204 | D:4      | Reached XP level 4. HP: 9/40 MP: 4/4
  1585 | D:4      | Found a sand-covered staircase.
  1597 | Ossuary  | Entered an ossuary
  1734 | Ossuary  | Reached XP level 5. HP: 13/47 MP: 5/5
  2304 | Ossuary  | Reached skill level 5 in Axes
  2382 | Ossuary  | Reached XP level 6. HP: 53/53 MP: 6/6
  3204 | D:5      | Entered Level 5 of the Dungeon
  3339 | D:5      | Noticed a black bear
  3350 | D:5      | Killed a black bear
  3351 | D:5      | Reached skill level 5 in Fighting
  3351 | D:5      | Reached skill level 6 in Axes
  3351 | D:5      | Reached XP level 7. HP: 58/61 MP: 7/7
  3565 | D:5      | Found a radiant altar of Vehumet.
  3820 | D:5      | Found a staircase to the Ecumenical Temple.
  3901 | D:5      | Identified the +10 rapier of the Hungering Hawk {vorpal,
                  | rCorr Str+3}
  3937 | Temple   | Entered the Ecumenical Temple
  4122 | Temple   | Became a worshipper of Gozag Ym Sagoz the Greedy
  4468 | D:6      | Reached skill level 5 in Armour
  4471 | D:6      | Reached skill level 7 in Axes
  4471 | D:6      | Reached skill level 5 in Shields
  4471 | D:6      | Reached XP level 8. HP: 56/70 MP: 8/8
  4576 | D:6      | Reached skill level 8 in Axes
  4743 | D:6      | Found a shimmering blue altar of Sif Muna.
  4757 | D:6      | Found an ornate altar of the Wu Jian Council.
  4840 | D:6      | Reached XP level 9. HP: 78/78 MP: 9/9
  4841 | D:6      | Reached skill level 9 in Axes
  5547 | D:7      | Reached skill level 10 in Axes
  5820 | D:7      | Noticed a boulder beetle
  5834 | D:7      | HP: 3/79 [boulder beetle (15)]
  6315 | D:7      | Reached skill level 5 in Evocations
  6526 | D:8      | Noticed Grum
  6526 | D:8      | Noticed Maggie
  6534 | D:7      | Killed Maggie
  6710 | D:8      | Reached XP level 10. HP: 80/88 MP: 10/10
  6710 | D:8      | Killed Grum
  6791 | D:8      | Reached skill level 11 in Axes
  6815 | D:8      | Found a staircase to the Lair.
  7378 | D:8      | Noticed Erica
  7389 | D:8      | Killed Erica
  7390 | D:8      | Reached skill level 12 in Axes
  7748 | D:9      | Found a white marble altar of Elyvilon.
  7819 | D:9      | Reached XP level 11. HP: 73/95 MP: 11/11
  7925 | D:9      | Noticed an eight-headed hydra
  8040 | Lair:1   | Entered Level 1 of the Lair of Beasts
  8528 | Lair:1   | Reached skill level 1 in Throwing
  8875 | Lair:2   | Reached skill level 13 in Axes
  9188 | Lair:2   | Noticed Harold
  9199 | Lair:2   | Killed Harold
  9606 | Lair:2   | Noticed a six-headed hydra
  9636 | Lair:2   | Killed a one-headed hydra
 10380 | Lair:3   | Reached skill level 14 in Axes
 10621 | Lair:3   | Noticed a seven-headed hydra
 10639 | Lair:3   | Killed a three-headed hydra
 10640 | Lair:3   | Reached XP level 12. HP: 33/106 MP: 12/12
 11053 | Lair:3   | Found a hole to the Spider Nest.
 11063 | Lair:3   | Reached skill level 10 in Fighting
 11725 | Lair:3   | Found a basalt altar of Yredelemnul.
 12055 | Lair:3   | Found a blossoming altar of Fedhas.
 12488 | Lair:3   | Reached skill level 15 in Axes
 14038 | D:9      | Found a staircase to the Orcish Mines.
 14389 | Orc:1    | Entered Level 1 of the Orcish Mines
 14669 | Orc:2    | Entered Level 2 of the Orcish Mines
 14770 | Orc:2    | Found Eqof Cyu's Distillery.
 14783 | Orc:2    | Bought a potion of curing for 45 gold pieces
 16069 | Orc:2    | Reached skill level 10 in Armour
 16593 | Orc:2    | Reached skill level 10 in Shields
 16593 | Orc:2    | Reached XP level 13. HP: 115/115 MP: 13/13
 17106 | Orc:2    | Noticed an orc warlord
 17742 | D:10     | Entered Level 10 of the Dungeon
 17787 | D:10     | Reached skill level 1 in Dodging
 17796 | D:10     | Found a shadowy altar of Dithmenos.
 17919 | D:10     | Noticed Edmund
 17919 | D:10     | Noticed Psyche
 17936 | D:10     | Reached skill level 5 in Throwing
 17947 | D:10     | Killed Edmund
 17975 | D:11     | Found a frozen archway.
 18081 | IceCv    | Entered an ice cave
 18217 | IceCv    | Reached skill level 16 in Axes
 18479 | IceCv    | Noticed an ice dragon
 18495 | IceCv    | Killed an ice dragon
 18972 | IceCv    | Identified the ring of Veossicw {Contam rCorr Str+3 Int+8
                  | Stlth+}
 19174 | D:11     | Found a transporter.
 19185 | D:11     | Noticed bmj180's ghost (journeyman MfIE)
 19203 | D:11     | Found a transporter.
 19902 | D:12     | Found Omuavaz's Armour Shop.
 20021 | D:12     | Noticed Maurice
 20057 | D:12     | Killed Maurice
 20400 | D:10     | Killed Psyche
 21188 | D:10     | Noticed Joseph
 21197 | D:10     | Killed Joseph
 21198 | D:10     | Reached XP level 14. HP: 120/125 MP: 14/14
 21429 | Orc:1    | Killed an orc warlord
 21692 | Orc:2    | Found a roughly hewn altar of Beogh.
 21699 | Orc:2    | Found Jusy's Antique Weapon Shop.
 21706 | Orc:2    | Found Serhir's General Store.
 21711 | Orc:2    | Found Agiggenk's Antique Armour Shop.
 22008 | Orc:2    | Bought a scroll of teleportation for 36 gold pieces
 22008 | Orc:2    | Bought a potion of mutation for 96 gold pieces
 22024 | Orc:2    | Bought a pair of embroidered boots for 150 gold pieces
 22024 | Orc:2    | Bought a kite shield for 90 gold pieces
 22048 | Orc:2    | Found a staircase to the Elven Halls.
 22101 | Orc:2    | Found Kekith Yplor's Book Shop.
 22246 | Orc:2    | Bought an ichor-stained plate armour for 1064 gold pieces
 22246 | Orc:2    | Identified the +7 plate armour of Sodaoch {Dex+4} (You
                  | bought it in a shop on level 2 of the Orcish Mines)
 22526 | Lair:4   | Noticed Kirke
 22543 | Lair:4   | Killed Kirke
 23363 | Lair:4   | Noticed Amaemon
 23371 | Lair:4   | Killed Amaemon
 23441 | Lair:4   | Noticed Snorg
 23442 | Lair:4   | Found a staircase to the Swamp.
 23453 | Lair:4   | Killed Snorg
 24016 | Lair:5   | Reached skill level 17 in Axes
 24197 | Lair:5   | Bought a crude chain mail for 342 gold pieces
 24197 | Lair:5   | Identified the +7 chain mail of Omant {rF+++ Str-4 Int+3
                  | Stlth+} (You bought it in a shop on level 5 of the Lair of
                  | Beasts)
 24219 | Lair:5   | Reached skill level 10 in Evocations
 24606 | Lair:6   | Entered Level 6 of the Lair of Beasts
 24992 | Lair:6   | Reached XP level 15. HP: 93/134 MP: 15/15
 25003 | Lair:6   | Found an iron altar of Okawaru.
 25335 | Lair:6   | Identified the +0 helmet of the Constellations {Rampage}
 25344 | Lair:6   | Identified the +7 rapier of Poured {vorpal, Will+}
 25808 | Lair:6   | Reached skill level 5 in Dodging
 26397 | Lair:6   | Found a staircase to the Slime Pits.
 27906 | D:12     | Noticed Rupert
 27916 | D:12     | Killed Rupert
 28694 | D:13     | Found a glowing silver altar of Zin.
 28797 | D:13     | Found a gate to the Vaults.
 28909 | D:13     | Found Wipp's Armour Shoppe.
 28918 | D:13     | Bought a +1 tower shield of reflection for 243 gold pieces
 30223 | D:15     | Entered Level 15 of the Dungeon
 30236 | D:14     | Killed from afar by a fire dragon

Illustrated notes

Levels and vault maps discovered:
D:1:      matt_arrival_los_fun, layout_loops_ring,
          shapermc_ecumenical_altar_totnotflames, due_unseen_surprise
D:2:      layout_loops_corners, uniq_sigmund
D:4:      layout_basic, gup_ossuary_entry_pyramid
D:5:      nicolae_cairo_tiling_very_big, layout_basic,
          nicolae_overflow_crystal_walls, minmay_temple_entry_gardened_gates,
          chequers_mini_garden
D:6:      layout_gridville, mainiacjoe_overflow_large_starburst, serial_undead,
          serial_undead_c, serial_undead_e, serial_undead_d, serial_undead_b,
          serial_undead_b, serial_undead_a, serial_undead_f, serial_undead_d,
          serial_undead_b, serial_undead_f, minmay_statues_item
D:7:      layout_gridville, glass_columns_a, chequers_serial_rivers_micro_a
D:8:      layout_basic, nicolae_overflow_hidden_temple,
          due_lair_maze_entry_diamond, uniq_erica, uniq_grum, uniq_maggie
D:9:      layout_basic, mainiacjoe_overflow_boulevard, hiddenorc1_lemuel,
          kennysheep_pointless_box, minmay_misc_feat_columns, chequers_big_river
D:10:     erik_cavepeople, layout_grid_maze, nicolae_dithmenos_shadow_blocks,
          uniq_joseph
D:11:     layout_roguey, portal_ice_cave_entry_pillars_2,
          gammafunk_ghost_stat_death
D:12:     layout_roguey, serial_shops, shop, uniq_rupert, uniq_maurice
D:13:     layout_loops_ring, david_vaults_2, serial_shops, nicolae_diamond_shop,
          zin_statuary
D:14:     layout_basic, serial_park_square2, minmay_unpleasant_kobolds
D:15:     hangedman_depths_entry_civil_slaughter, layout_basic, serial_shops,
          shop, nicolae_wu_jian_immortal_techniques, xom_teletrap_fun
Temple:   eino_narrow_crystal_temple
Lair:1:   layout_chaotic_city
Lair:2:   layout_long_grid, uniq_harold
Lair:3:   layout_roguey, hellmonk_spider_entry_not_the_bees, basic_altar,
          hangedman_tree_tricks, nicolae_lair_liquid_snakes
Lair:4:   layout_gridlike, minmay_swamp_entry_reptiles, serial_bayou_lagoon_b,
          infiniplex_staircase_pool_2, uniq_snorg, uniq_kirke, uniq_amaemon
Lair:5:   layout_loops_ring, grunt_megastairs_1
Lair:6:   gammafunk_lair_ancient_temple, layout_gridlike,
          minmay_slime_entry_oklob_enclosed, basic_altar
Orc:1:    layout_caves
Orc:2:    grunt_orc_cross, layout_diamond_mine, serial_shops, shop_fountains

Skill      XL: |  1  2  3  4  5  6  7  8  9 10 11 12 13 14 15 |
---------------+----------------------------------------------+-----
Axes           | 3 4 5 6 7 8 10 12 14 15 16 17 | 17.9
Fighting       | 4 5 6 7 8 9 10 11 12 13 | 13.7
Evocations     | 1 2 3 4 5 6 7 8 9 10 11 | 11.0
Armour         | 4 5 7 8 9 10 11 12 | 12.6
Shields        | 4 5 6 8 9 10 11 12 | 12.6
Throwing       | 3 4 5 7 8 |  8.1
Dodging        | 3 4 5 |  5.8

Action                   |  1- 3 |  4- 6 |  7- 9 | 10-12 | 13-15 || total
-------------------------+-------+-------+-------+-------+-------++-------
Melee: War axe           |    58 |   102 |   129 |   368 |   824 ||  1481
       Scimitar          |       |       |       |    16 |     8 ||    24
Throw: Dart              |       |       |       |     1 |     1 ||     2
       Throwing net      |       |       |       |       |     4 ||     4
       Boomerang         |       |       |       |       |    27 ||    27
Invok: Call Merchant     |       |       |       |     1 |     4 ||     5
       Potion Petition   |       |       |       |       |     2 ||     2
Evoke: Wand              |       |       |       |     2 |       ||     2
  Use: Scroll            |       |     7 |     4 |       |     8 ||    19
       Potion            |       |       |       |       |     2 ||     2
 Stab: Distracted        |       |       |     5 |     9 |    25 ||    39
       Held in net/web   |       |       |       |       |     4 ||     4
Armor: Scale mail        |    37 |    41 |       |       |       ||    78
       Chain mail        |       |     7 |    63 |       |       ||    70
       Swamp dragon scal |       |       |     6 |   130 |    73 ||   209
       Plate armour      |       |       |       |       |   223 ||   223
Dodge: Dodged            |    34 |    50 |    60 |   162 |   276 ||   582
Block: Buckler           |    11 |    11 |    30 |    81 |    64 ||   197
       Kite shield       |       |       |       |       |   191 ||   191
       Tower shield      |       |       |       |       |    35 ||    35
       Reflection        |       |       |       |       |     8 ||     8

Table legend: (Time is in decaauts)
 A = Elapsed time spent in this place.
 B = Non-inter-level travel time spent in this place.
 C = Inter-level travel time spent in this place.
 D = Time resting spent in this place.
 E = Time spent auto-exploring this place.
 F = Levels seen in this place.
 G = Mean time per level.
                   A        B        C        D        E       F      G
               +--------+--------+--------+--------+--------+-----+--------+
         Total |  30120 |  28518 |   1602 |   5355 |  18870 |  25 | 1204.8 |
       Dungeon |  14602 |  13526 |   1076 |   1278 |  10154 |  14 | 1043.0 |
        Temple |    200 |    173 |     27 |      0 |    162 |   1 |  200.0 |
          Lair |   9776 |   9362 |    414 |   1870 |   6401 |   6 | 1629.3 |
  Orcish Mines |   3748 |   3665 |     83 |   1417 |   1571 |   2 | 1874.0 |
       Ossuary |    821 |    821 |      0 |    496 |    165 |   1 |  821.0 |
      Ice Cave |    970 |    970 |      0 |    293 |    417 |   1 |  970.0 |
               +--------+--------+--------+--------+--------+-----+--------+

Top non-repeatable levels by time:
   Orc:2: 2637 daAuts
  Lair:3: 2542 daAuts
  Lair:6: 2329 daAuts
     D:9: 2158 daAuts
     D:7: 1514 daAuts
  Lair:2: 1499 daAuts
  Lair:4: 1402 daAuts
     D:8: 1301 daAuts
    D:10: 1288 daAuts
     D:4: 1225 daAuts
    D:11: 1174 daAuts
   Orc:1: 1111 daAuts
     D:1: 1094 daAuts
  Lair:5: 1056 daAuts
    D:12: 1027 daAuts
